Match 46278663
Unlisted

Match 46278663
End
Panzergrenadier Squad
Panzergrenadier Squad
Construct Light Support Kompanie
2.5-tonne Medical Truck
Construct Mechanized Kompanie
Combat Half-tracks
254 Reconnaissance Tractor
Veteran Squad Leaders
Panzerjäger Squad
Panzerjäger Squad
Selects Panzerjäger Kommand Battlegroup
Selects Tank Busters
Selects Mine Fields
Selects Crew Shock Tactics
Construct Panzerarmee Kommand
Walking Stuka Rocket Launcher
Walking Stuka Rocket Launcher
Armored Reserves
Selects Elefant Tank Destroyer
Elefant Tank Destroyer
Panzergrenadier Squad
Panzergrenadier Squad
Panzergrenadier Squad
Support Armor Elements
Panzergrenadier Squad
Panzergrenadier Squad
Panzer IV Assault Group
ProudKraut
MrSnooze
Blackmilk
DornierDo-335Pfeil
G3cko
ThatGuyDaryl
Benirho --'
Henry#14
0
0

Comments sign in to comment!

No comments posted yet!